 Seeded DCSS version 0.30-a0-918-g0ff054e9dc (webtiles) character file.

Game seed: 3425090202442293766 (custom seed)

37912 bmack86 the Severer (level 13, -8/126 HPs)
             Began as a Minotaur Fighter on Mar 21, 2023.
             Was a High Priest of Okawaru.
             Mangled by an elephant (10 damage)
             ... on level 4 of the Lair of Beasts.
             The game lasted 00:32:13 (12680 turns).

bmack86 the Severer (Minotaur Fighter)             Turns: 12680, Time: 00:32:13

Health: -8/126     AC: 28    Str: 27    XL:     13   Next: 61%
Magic:  15/18      EV:  9    Int:  5    God:    Okawaru [*****.]
Gold:   962        SH:  7    Dex:  9    Spells: 12/12 levels left

rFire   . . .      SeeInvis +    J - +7 broad axe (venom)
rCold   + + +      Faith    .    c - +0 buckler
rNeg    . . .      Spirit   .    P - +2 plate armour {rC+}
rPois   .          Reflect  .    g - +2 hat
rElec   +          Rampage  .    e - scarf of the Blind Marksman {+Inv, Drain rElec rC++ Slay+2}
rCorr   .                        r - +1 pair of gloves
Will    .....                    v - +2 pair of boots Stlth
                                 K - amulet of regeneration
HPRegen 1.21/turn                f - ring of see invisible
MPRegen 0.16/turn                (no ring)

@: heroic, finesse-ful, marked, studying 2 skills
A: horns 2, retaliatory headbutt
a: Renounce Religion, Evoke Invisibility, Heroism, Finesse, Duel


You were on level 4 of the Lair of Beasts.
You worshipped Okawaru.
Okawaru was extremely pleased with you.
You visited 3 branches of the dungeon, and saw 15 of its levels.
You also visited: Bailey.

You collected 1533 gold pieces.
You spent 571 gold pieces at shops.

Inventory:

Hand Weapons
 a - a +0 war axe
 B - a +0 broad axe
 J - a +7 broad axe of venom (weapon)
Missiles
 l - 21 poisoned darts
 w - 3 throwing nets
 A - 6 javelins
 I - 11 boomerangs (quivered)
 N - 7 curare-tipped darts
Armour
 c - a +0 buckler (worn)
 e - the scarf of the Blind Marksman (worn) {+Inv, Drain rElec rC++ Slay+2}
   (You acquired it on level 5 of the Dungeon)

   Slay:      It affects your accuracy & damage with ranged weapons and melee
   (+2).
   rC:        It greatly protects you from cold.
   rElec:     It insulates you from electricity.
   Drain:     It drains your maximum health when unequipped.
 g - a +2 hat (worn)
 r - a +1 pair of gloves (worn)
 s - the +1 cloak of Starlight {*Dazzle EV+4 Stlth--}
   (Okawaru gifted it to you on level 1 of the Lair of Beasts)

   *Dazzle:   It may blind those who miss an attack against the wearer in melee
   combat.
   EV:        It affects your evasion (+4).
   Stlth:     It makes you much less stealthy.
 v - a +2 pair of boots (worn)
 P - a +2 plate armour of cold resistance (worn)
Jewellery
 f - a ring of see invisible (left hand)
 n - an amulet of guardian spirit
 t - an amulet of the acrobat
 H - a ring of magical power
 K - an amulet of regeneration (around neck)
 L - a ring of ice
 M - an amulet of reflection
Wands
 j - a wand of flame (12)
 m - a wand of polymorph (3)
 E - a wand of light (4)
 Q - a wand of iceblast (3)
 R - a wand of mindburst (10)
Scrolls
 h - 3 scrolls of blinking
 i - a scroll of identify
 k - 4 scrolls of fog
 q - 3 scrolls of magic mapping
 u - 11 scrolls of teleportation
 y - 3 scrolls of silence
 O - a scroll of fear
Potions
 b - 2 potions of invisibility
 d - 4 potions of might
 o - 3 potions of resistance
 p - 11 potions of curing
 x - 3 potions of brilliance
 z - 3 potions of magic
 C - a potion of flight
 D - 3 potions of haste
 F - a potion of heal wounds
 G - 2 potions of ambrosia


   Skills:
 + Level 15.1(20.1) Fighting
 * Level 15.4(20.4) Axes
 + Level 9.2(14.2) Throwing
 + Level 11.5(16.5) Armour
 + Level 11.6(16.6) Shields
 + Level 8.5 Invocations


You had 12 spell levels left.
You didn't know any spells.
Your spell library contained the following spells:

 Spells                   Type           Power      Damage    Failure   Level
 Foxfire                  Conj/Fire      0%         2x1d4     98%         1
 Blink                    Tloc           0%         N/A       99%         2
 Cigotuvi's Dreadful Rot  Necr/Pois/Air  0%         N/A       99%         2
 Poisonous Vapours        Pois/Air       0%         N/A       99%         2
 Sublimation of Blood     Necr           0%         N/A       99%         2
 Wereblood                Tmut           0%         N/A       99%         2
 Mephitic Cloud           Conj/Pois/Air  0%         N/A       100%        3
 Portal Projectile        Hex/Tloc       0%         N/A       100%        3
 Manifold Assault         Tloc           0%         N/A       100%        4
 Blade Hands              Tmut           0%         N/A       100%        5
 Fireball                 Conj/Fire      0%         3d3       100%        5
 Starburst                Conj/Fire      0%         6d3       100%        6
 Storm Form               Tmut/Air       0%         N/A       100%        7
 Tukima's Dance           Hex            Unusable   N/A       N/A         3
 Summon Hydra             Summ           Unusable   N/A       N/A         7

Dungeon Overview and Level Annotations

Branches:
Dungeon (10/15)            Temple (1/1) D:5            Lair (4/5) D:10
 Shoals (0/4) Lair:3        Snake (0/4) Lair:3          Orc (0/2) D:10
 Bailey (visited)
  Slime: Lair:4-5

Altars:
Ashenzari
Elyvilon
Gozag
Nemelex Xobeh
Okawaru
Qazlal
Sif Muna
Trog
Uskayaw
Vehumet
Wu Jian
Xom
Yredelemnul
Zin
The Shining One

Shops:
D:2 ?(   D:6 *=

Annotations:
D:6 3 runed translucent doors, GigaChad's ghost, novice FoFi
D:9 2 transporters, avis's ghost, novice HOTm
Temple 2 transporters


Innate Abilities, Weirdness & Mutations

You have a pair of horns on your head.
You reflexively headbutt those who attack you in melee.


Message History

The elephant tramples you but does no damage.
You block the elephant's attack.
The lindwurm bites you but does no damage.
You block the lindwurm's attack.
The lindwurm claws you but does no damage.
You slice the yak!!
The yak is poisoned.
The yak is severely wounded.
You barely miss the lindwurm. You slice the elephant!! You hit the elephant.
The elephant looks as sick as possible!
You slash the fungus!
Unknown command.
You slash the yak!
You kill the yak!
Okawaru accepts your kill.
You hit the lindwurm but do no damage.
The lindwurm is poisoned.
You slice the elephant!!
The elephant looks as sick as possible!
You slice the elephant!!
The elephant looks as sick as possible!
You hit the fungus.
A nearby fungus withers and dies.
A black mamba comes into view.
You block the elephant's attack. x2; The yak gores you but does no damage.
The elephant tramples you!
You hold your ground!
The elephant barely misses you. The lindwurm breathes flames at you.
The blast of flame hits you!!
* * * LOW HITPOINT WARNING * * *
The water moccasin barely misses you. You furiously retaliate!
You headbutt the water moccasin!
Things that are here:
an elephant corpse; a yak corpse You hit the yak.
The yak is poisoned.
The yak is lightly wounded.
You slice the elephant!!
The elephant looks as sick as possible!
You completely miss the elephant. You miss the water moccasin.
The yak gores you but does no damage. The lindwurm breathes flames at you.
The blast of flame hits you!!
* * * LOW HITPOINT WARNING * * *
The elephant tramples you but does no damage.
The elephant barely misses you. The elephant tramples you!
You die...

##..##............#
#.................# .
......#.........##$.
#...#.#.............
#..#..#.††††.......#
#..##....†)†........
#..##....†.†k.......
#...........Y......#
#.........#@YY......
#..........YS......#
##..................#
#..............Y.....
#P.......#..........#
##.............#..S..
#.............#....
#.............P ...
#.........#.


You could see 2 elephants, a lindwurm (very poisoned), a black mamba, 3 yaks and
a water moccasin.

Vanquished Creatures
  2 vault guards (Bailey)
  5 hydras
  A catoblepas (Lair:2)
  3 death yaks (Lair:1)
  Sonja (Lair:3)
  Amaemon (Lair:1)
  2 skysharks
  Pikel (D:9)
  An ugly thing (D:8)
  19 elephants
  A black mamba (Lair:1)
  An orange demon (Lair:1)
  5 cane toads
  Psyche (D:9)
  7 komodo dragons
  Prince Ribbit (Bailey)
  A troll (D:10)
  A polar bear (Lair:4)
  Grinder (D:3)
  A hornet (D:8)
  Sigmund (D:3)
  4 dream sheep (Lair:3)
  3 wyverns
  50 yaks
  4 vampire mosquitoes (D:9)
  A steam dragon (D:8)
  10 humans
  2 wargs (D:10)
  2 basilisks
  An acid dragon (D:10)
  3 nagas (Lair:3)
  7 water moccasins
  2 ice beasts
  A sky beast (D:7)
  4 orc warriors
  3 black bears
  3 ogres
  6 wolves (Lair:1)
  4 centaurs
  A lemure (D:9)
  2 kobold brigands
  A gnoll sergeant (D:6)
  3 scorpions
  16 bullfrogs
  An electric eel (Lair:3)
  3 howler monkeys (D:7)
  A crimson imp (D:4)
  11 hounds
  A jelly (D:6)
  8 orc priests
  2 sleepcaps (D:6)
  2 iguanas (D:6)
  Terence (D:3)
  6 orc wizards
  6 adders
  3 gnolls (D:6)
  A shadow imp (D:5)
  A worm (D:2)
  14 dart slugs
  34 orcs
  8 ball pythons
  7 bats
  5 endoplasms
  3 giant cockroaches
  12 goblins
  9 hobgoblins
  A jackal (D:7)
  11 kobolds
  A quokka (D:2)
  4 frilled lizards
  A goblin skeleton (D:4)
  A goblin zombie (D:4)
  A hobgoblin zombie (D:4)
  A kobold skeleton (D:4)
  2 kobold zombies (D:4)
  An orc skeleton (D:4)
  12 rats
365 creatures vanquished.

Vanquished Creatures (others)
  A bush (Lair:2)
  17 fungi
  8 plants
26 creatures vanquished.

Grand Total: 391 creatures vanquished

Notes
Turn   | Place    | Note
-------+----------+-------------------------------------------
     0 | D:1      | bmack86 the Minotaur Fighter began the quest for the Orb.
     0 | D:1      | Reached XP level 1. HP: 19/19 MP: 0/0
   144 | D:1      | Reached XP level 2. HP: 27/27 MP: 1/1
   216 | D:1      | Found a faded altar of an unknown god.
   639 | D:2      | Reached XP level 3. HP: 33/33 MP: 2/2
   788 | D:2      | Found Nareh's Weapon Boutique.
   977 | D:2      | Reached skill level 1 in Throwing
   977 | D:2      | Reached XP level 4. HP: 37/40 MP: 1/3
  1194 | D:2      | Found Lipoy's Magic Scroll Boutique.
  1200 | D:2      | Bought 2 scrolls of identify for 44 gold pieces
  1200 | D:2      | Bought a scroll of identify for 22 gold pieces
  1200 | D:2      | Bought a scroll of identify for 22 gold pieces
  1200 | D:2      | Bought a scroll of teleportation for 33 gold pieces
  1203 | D:2      | Identified 2 scrolls of acquirement
  1784 | D:3      | Noticed Terence
  1789 | D:3      | Killed Terence
  1790 | D:3      | Reached XP level 5. HP: 40/47 MP: 4/4
  1882 | D:3      | Noticed Sigmund
  1889 | D:3      | Killed Sigmund
  1890 | D:3      | Reached skill level 5 in Axes
  1890 | D:3      | Reached XP level 6. HP: 55/55 MP: 5/5
  2473 | D:4      | Noticed Grinder
  2477 | D:3      | Paralysed by Grinder for 2 turns
  2482 | D:3      | Paralysed by Grinder for 4 turns
  2489 | D:3      | Killed Grinder
  2490 | D:3      | Reached skill level 5 in Fighting
  2490 | D:3      | Reached skill level 5 in Armour
  2490 | D:3      | Reached skill level 5 in Shields
  2490 | D:3      | Reached XP level 7. HP: 19/61 MP: 1/6
  3164 | D:4      | Found a glowing golden altar of the Shining One.
  3453 | D:4      | Found a white marble altar of Elyvilon.
  3453 | D:4      | Found a basalt altar of Yredelemnul.
  3454 | D:4      | Found an ornate altar of the Wu Jian Council.
  4113 | D:5      | Entered Level 5 of the Dungeon
  4130 | D:5      | Identified the +2 robe of a Hundred Friends {rElec Str+4
                  | Int-5 Slay+3}
  4226 | D:5      | Found an iron altar of Okawaru.
  4238 | D:5      | Became a worshipper of Warmaster Okawaru
  4260 | D:5      | Acquired a manual of Fighting
  4268 | D:5      | Acquired 581 gold pieces
  4270 | D:5      | Acquired a +5 heavy broad axe
  4272 | D:5      | Acquired the scarf of the Blind Marksman {+Inv, Drain rElec
                  | rC++ Slay+2}
  4307 | D:5      | Found a staircase to the Ecumenical Temple.
  4337 | Temple   | Entered the Ecumenical Temple
  4337 | Temple   | Found a transporter.
  4337 | Temple   | Found a transporter.
  4625 | D:5      | Reached skill level 1 in Invocations
  4625 | D:5      | Reached XP level 8. HP: 70/70 MP: 7/7
  4933 | D:6      | Found a runed translucent gate.
  4933 | D:6      | Noticed GigaChad's ghost (novice FoFi)
  4977 | D:6      | Reached * piety under Okawaru
  5077 | D:6      | Found a bloodstained altar of Trog.
  5229 | D:6      | Found a glowing silver altar of Zin.
  5323 | D:6      | Found a runed translucent gate.
  5324 | D:6      | Found a runed translucent gate.
  5536 | D:6      | Found Kausagei's Jewellery Shop.
  5544 | D:6      | Bought an amulet of reflection for 450 gold pieces
  5826 | D:6      | Found Xyeg's General Store.
  5910 | D:7      | Reached ** piety under Okawaru
  5911 | D:7      | Reached XP level 9. HP: 77/79 MP: 10/10
  6509 | D:7      | Reached *** piety under Okawaru
  6510 | D:7      | Reached skill level 5 in Throwing
  6517 | D:7      | Reached XP level 10. HP: 53/91 MP: 10/12
  6520 | D:7      | Reached **** piety under Okawaru
  6521 | D:7      | Reached skill level 10 in Axes
  6837 | D:8      | Found a hide-covered altar of Uskayaw.
  6911 | D:8      | Noticed a purple ugly thing
  6922 | D:8      | Killed a purple ugly thing
  7140 | D:8      | Reached skill level 10 in Fighting
  7581 | D:9      | Found a stormy altar of Qazlal.
  7699 | D:9      | Noticed Psyche
  7702 | D:9      | Killed Psyche
  7703 | D:9      | Reached skill level 5 in Invocations
  7772 | D:9      | Noticed Pikel
  7779 | D:9      | Killed Pikel
  7828 | D:9      | Reached ***** piety under Okawaru
  8029 | D:9      | Noticed a moth of wrath
  8039 | D:9      | Found a transporter.
  8045 | D:9      | Noticed avis's ghost (novice HOTm)
  8066 | D:9      | Found a transporter.
  8482 | D:10     | Entered Level 10 of the Dungeon
  8532 | D:10     | Reached XP level 11. HP: 87/101 MP: 14/14
  8558 | D:10     | Received a gift from Okawaru
  8577 | D:10     | Found a flagged portal.
  8606 | Bailey   | Entered a bailey
  8720 | Bailey   | Noticed a vault guard
  8729 | Bailey   | Killed a vault guard
  8787 | Bailey   | Noticed Prince Ribbit
  8787 | Bailey   | Noticed a vault guard
  8795 | Bailey   | Killed a vault guard
  8795 | Bailey   | Received a gift from Okawaru
  8806 | Bailey   | Killed Prince Ribbit
  8883 | D:10     | Found a staircase to the Lair.
  9091 | D:10     | Found an opulent altar of Gozag.
  9092 | D:10     | Found a sparkling altar of Nemelex Xobeh.
  9145 | D:10     | Found a staircase to the Orcish Mines.
  9415 | Lair:1   | Entered Level 1 of the Lair of Beasts
  9467 | Lair:1   | Received a gift from Okawaru
  9467 | Lair:1   | Found the +1 cloak of Starlight {*Dazzle EV+4 Stlth--}
  9493 | Lair:1   | Noticed a death yak
  9494 | Lair:1   | Noticed a death yak
  9495 | Lair:1   | Noticed a death yak
  9504 | Lair:1   | Killed a death yak
  9515 | Lair:1   | Killed a death yak
  9516 | Lair:1   | Killed a death yak
  9694 | Lair:1   | Reached XP level 12. HP: 103/113 MP: 14/16
  9749 | Lair:1   | Noticed Amaemon
  9760 | Lair:1   | Killed Amaemon
  9761 | Lair:1   | Reached skill level 10 in Armour
  9761 | Lair:1   | Reached skill level 10 in Shields
 10546 | Lair:2   | Noticed an eight-headed hydra
 10552 | Lair:2   | Killed an eight-headed hydra
 10904 | Lair:2   | Noticed a catoblepas
 10930 | Lair:2   | Killed a catoblepas
 11005 | Lair:2   | Noticed a seven-headed hydra
 11013 | Lair:2   | Killed a ten-headed hydra
 11108 | Lair:2   | Received a gift from Okawaru
 11112 | Lair:2   | Reached XP level 13. HP: 124/124 MP: 17/17
 11117 | Lair:2   | Received a gift from Okawaru
 11633 | Lair:3   | Found a staircase to the Snake Pit.
 12016 | Lair:3   | Noticed Sonja
 12033 | Lair:3   | Killed Sonja
 12117 | Lair:3   | Found a staircase to the Shoals.
 12335 | Lair:3   | Reached skill level 15 in Axes
 12649 | Lair:4   | Identified the +0 war axe "Spider's Bane" {heavy, rC+}
                  | (Okawaru gifted it to you on level 4 of the Lair of Beasts)
 12649 | Lair:4   | Received a gift from Okawaru
 12653 | Lair:4   | Reached skill level 15 in Fighting
 12680 | Lair:4   | HP: 2/126 [lindwurm/blast of flame (26)]
 12680 | Lair:4   | Mangled by an elephant

Illustrated notes

Levels and vault maps discovered:
D:1:      minmay_arrival_loop, layout_basic, ebering_ecumenical_altar_webs,
          moated_statue, minmay_tetromino_s2
D:2:      minmay_angry_zag, layout_basic, serial_shops,
          nicolae_shop_behind_doors, nicolae_shop_bloodbath_and_beyond,
          minmay_cut_off
D:3:      kennysheep_slugbush, layout_basic, uniq_sigmund, uniq_terence
D:4:      layout_layer_cave, gammafunk_temple_overflow_claw,
          nicolae_tso_besieged_by_evil, minivault_24, uniq_grinder
D:5:      layout_loops_ring, mainiacjoe_overflow_small_starburst,
          minmay_temple_entry_grid, minmay_misc_feat_square
D:6:      cheibrodos_iron_armory, layout_basic, bloody_trog, marbit_many_paths,
          serial_shops, shop, shop, biasface_ghost_orc_armoury,
          minmay_manual_mares
D:7:      erik_cavepeople, layout_basic
D:8:      layout_gridville, nicolae_uskayaw_dance_hall
D:9:      layout_loops_corners, grunt_qazlal_clouds,
          gammafunk_ghost_berserking_beasts, uniq_psyche, uniq_pikel
D:10:     layout_loops_ring, grunt_temple_overflow_opulence,
          erik_lair_orcish_takeover, orc_0_dummy, enter_bailey_5
Temple:   hellmonk_temple_divided_pantheon
Lair:1:   layout_cave_pods, nicolae_quartered_pool_little, grunt_megastairs_3,
          uniq_amaemon, uniq_urug
Lair:2:   layout_roguey, infiniplex_staircase_pool_2
Lair:3:   layout_cave_pods, elwin_shoals_entry_rooms,
          guppyfry_snake_entry_island, uniq_sonja
Lair:4:   layout_long_grid, lemuel_old_faithful

Skill      XL: |  1  2  3  4  5  6  7  8  9 10 11 12 13 |
---------------+----------------------------------------+-----
Axes           | 3 4 5 6 8 9 11 12 14 15 | 15.4
Armour         | 4 5 6 7 8 9 10 11 | 11.5
Shields        | 4 5 6 7 8 9 10 11 | 11.6
Fighting       | 4 5 6 7 9 10 12 14 15 | 15.1
Throwing       | 1 2 3 4 5 6 7 8 9 |  9.2
Invocations    | 1 2 4 5 6 7 8 |  8.5

Action                     |  1- 3 |  4- 6 |  7- 9 | 10-12 | 13-15 || total
---------------------------+-------+-------+-------+-------+-------++-------
  Melee: War axe           |    86 |    67 |    81 |       |       ||   234
         Headbutt          |     8 |    10 |    15 |    64 |    40 ||   137
         Broad axe         |       |       |    79 |   318 |   122 ||   519
  Throw: Dart              |       |     1 |       |       |       ||     1
         Boomerang         |       |     1 |     9 |    19 |     7 ||    36
 Invoke: Heroism           |       |       |       |     7 |     2 ||     9
         Finesse           |       |       |       |     4 |     1 ||     5
    Use: Scroll            |       |     5 |    21 |    10 |       ||    36
         Potion            |       |       |       |       |     1 ||     1
 Armour: Scale mail        |    44 |       |       |       |       ||    44
         Chain mail        |     4 |    35 |    98 |       |       ||   137
         Plate armour      |       |       |    25 |   256 |   172 ||   453
  Dodge: Dodged            |    47 |    33 |    76 |   135 |    73 ||   364
  Block: Buckler           |    22 |    10 |    78 |   134 |    53 ||   297
         Reflection        |       |       |     3 |     1 |       ||     4

Table legend: (Time is in decaauts)
 A = Elapsed time spent in this place.
 B = Non-inter-level travel time spent in this place.
 C = Inter-level travel time spent in this place.
 D = Time resting spent in this place.
 E = Time spent auto-exploring this place.
 F = Levels seen in this place.
 G = Mean time per level.
                   A        B        C        D        E       F      G
               +--------+--------+--------+--------+--------+-----+--------+
         Total |  12881 |  12547 |    334 |    518 |   8773 |  16 |  805.1 |
       Dungeon |   9390 |   9170 |    220 |    470 |   6344 |  10 |  939.0 |
        Temple |      1 |      1 |      0 |      0 |      0 |   1 |    1.0 |
          Lair |   3243 |   3129 |    114 |     48 |   2385 |   4 |  810.8 |
        Bailey |    246 |    246 |      0 |      0 |     44 |   1 |  246.0 |
               +--------+--------+--------+--------+--------+-----+--------+

Top non-repeatable levels by time:
     D:4: 1403 daAuts
     D:3: 1223 daAuts
  Lair:2: 1091 daAuts
  Lair:3: 1064 daAuts
  Lair:1: 1015 daAuts
     D:6: 998 daAuts
     D:2: 972 daAuts
     D:9: 968 daAuts
     D:7: 948 daAuts
     D:5: 836 daAuts
     D:8: 734 daAuts
    D:10: 711 daAuts
     D:1: 594 daAuts
  Bailey: 246 daAuts
  Lair:4: 71 daAuts
